 Dungeon Crawl Stone Soup version 0.31.0-32-g396128a36d (webtiles) character file.

Game seed: 2040408979162248939

4015 raph the Spear-Bearer (level 10, -8/78 HPs)
             Began as a Minotaur Fighter on Apr 6, 2024.
             Was an Initiate of Yredelemnul.
             Killed from afar by Maggie (11 damage)
             ... with a bolt of fire
             ... on level 8 of the Dungeon.
             The game lasted 00:15:04 (7538 turns).

raph the Spear-Bearer (Minotaur Fighter)            Turns: 7538, Time: 00:15:04

Health: -8/78      AC: 15    Str: 20    XL:     10   Next: 3%
Magic:  9/9        EV:  5    Int:  5    God:    Yredelemnul [......]
Gold:   483        SH:  5    Dex: 15    Spells: 9/9 levels left

rFire   + . .        a - +1 trident
rCold   + . .        c - +0 buckler
rNeg    . . .        e - +0 plate armour
rPois   .            (helmet restricted)
rElec   .            B - +0 cloak
rCorr   .            h - +1 pair of gloves
SInv    .            (no boots)
Will    .....        x - amulet of faith Stlth
                     k - ring of protection from fire
HPRegen 0.33/turn    y - ring of protection from cold
MPRegen 0.11/turn

%: faith
@: mighty, mesmerised
A: horns 2, retaliatory headbutt
a: Renounce Religion, Recall Undead Harvest


You were on level 8 of the Dungeon.
You worshipped Yredelemnul.
Yredelemnul was noncommittal.
You visited 1 branch of the dungeon, and saw 8 of its levels.

You collected 555 gold pieces.
You spent 72 gold pieces at shops.

Inventory:

Hand Weapons
 a - a +1 trident (weapon)
Missiles
 j - 5 curare-tipped darts (quivered)
 o - 9 boomerangs
 s - a throwing net
 t - 13 poisoned darts
Armour
 b - a +0 scale mail
 c - a +0 buckler (worn)
 e - a +0 plate armour (worn)
 h - a +1 pair of gloves (worn)
 B - a +0 cloak (worn)
Jewellery
 k - a ring of protection from fire (left hand)
 x - an amulet of faith (around neck)
 y - a ring of protection from cold (right hand)
Wands
 f - a wand of mindburst (15)
 m - a wand of charming (8)
 w - a wand of polymorph (7)
 C - a wand of iceblast (19)
Scrolls
 g - 3 scrolls of identify
 i - a scroll of fog
 l - 2 scrolls of vulnerability
 q - 3 scrolls of noise
 u - a scroll of enchant weapon
Potions
 d - a potion of might
 n - a potion of curing
 p - 3 potions of mutation
 v - 2 potions of magic
 z - a potion of attraction
 A - 2 potions of brilliance
 D - a potion of resistance {unknown}


   Skills:
 - Level 4.0 Fighting
 - Level 14.0 Polearms
 - Level 4.0 Armour
 - Level 4.0 Shields
 + Level 7.3 Evocations


You had 9 spell levels left.
You didn't know any spells.
Your spell library contained the following spells:

 Spells                   Type           Power      Damage    Failure   Level
 Necrotise                Necr           0%         1d4       100%        1
 Shock                    Conj/Air       0%         1d3       100%        1
 Summon Small Mammal      Summ           0%         N/A       100%        1
 Ensorcelled Hibernation  Hex/Ice        0%         N/A       100%        2
 Call Canine Familiar     Summ           0%         N/A       100%        3
 Inner Flame              Hex/Fire       0%         N/A       100%        3
 Passwall                 Erth           0%         N/A       100%        3
 Swiftness                Air            0%         N/A       100%        3
 Vampiric Draining        Necr           0%         2d6       100%        3
 Airstrike                Air            0%         2d(0-16)  100%        4
 Flame Wave               Conj/Fire      0%         2d4       100%        4
 Martyr's Knell           Necr/Summ      0%         N/A       100%        4
 Olgreb's Toxic Radiance  Alch           0%         N/A       100%        4
 Sticky Flame             Fire/Alch      0%         2d4       100%        4
 Summon Blazeheart Golem  Fire/Summ      0%         N/A       100%        4
 Vhi's Electric Charge    Tloc/Air       0%         N/A       100%        4
 Arcjolt                  Conj/Air       0%         1d10      100%        5
 Curse of Agony           Necr           0%         N/A       100%        5
 Plasma Beam              Fire/Air       0%         2x1d10    100%        6
 Ozocubu's Refrigeration  Ice            0%         4d7       100%        7
 Discord                  Hex            0%         N/A       100%        8


Dungeon Overview and Level Annotations

Branches:
Dungeon (8/15)             Temple (0/1) D:6
   Lair: D:8-11

Altars:
Elyvilon
Fedhas
Okawaru
Qazlal
Ru
Trog
Vehumet
Xom
Yredelemnul
The Shining One

Shops:
D:1 :   D:2 *

Annotations:
D:8 Maggie


Innate Abilities, Weirdness & Mutations

You have a pair of horns on your head.
You reflexively headbutt those who attack you in melee.


Message History

You cannot move away from Maggie!
Your kobold brigand zombie barely misses Maggie.
Maggie practices a pose.
Maggie hits you with a +0 halberd.
* * * LOW HITPOINT WARNING * * *
Things that are here:
a +0 short sword; a curare-tipped dart You hit Maggie.
Maggie is lightly wounded.
You block Maggie's attack.
Your kobold brigand zombie hits Maggie but does no damage.
You puncture Maggie! You headbutt Maggie!
Maggie is moderately wounded.
Maggie points at you and mumbles some strange words.
The bolt of fire hits you! You resist.
* * * LOW HITPOINT WARNING * * *
Your kobold brigand zombie hits Maggie but does no damage.
You hit Maggie. You headbutt Maggie, but do no damage.
Maggie is heavily wounded.
Maggie hits you with a +0 halberd.
* * * LOW HITPOINT WARNING * * *
You feel better.
Your kobold brigand zombie hits Maggie but does no damage.
Maggie hits you but does no damage.
Your kobold brigand zombie hits Maggie.
Maggie hits you but does no damage.
You closely miss Maggie.
Maggie is heavily wounded.
You feel yourself speed up.
You puncture Maggie!
Maggie is severely wounded.
Maggie hits you with a +0 halberd!
* * * LOW HITPOINT WARNING * * *
Your kobold brigand zombie hits Maggie but does no damage.
You catch the helpless Maggie completely off-guard!
You puncture Maggie!
Maggie is almost dead.
Maggie gestures at you while chanting. The bolt of fire hits you! You resist.
You die...
Your body rises from the dead as a mindless zombie.

.#.. ....# ... #####
#...# #.. ..#.# #...#
#.. ....# #...###### #..
#.#.# #.Z../....
##.)##.#.# #.)##.#
#....<.#.# #)§##§#####
#......#.###..@#§§§..###
#..........#..Z@§§§.....
#........#.#§..###+###=#
#......###.#.§.#
######## #.##..###.###
#.###.'.._###
#.....###.### #####.#
#.# #..


You could see Maggie (mesmerising, ally target) and a friendly kobold brigand
zombie.

Vanquished Creatures
  Sigmund (D:4)
  2 vampire mosquitoes (D:6)
  An acid dragon (D:7)
  Duvessa (D:5)
  2 orc warriors
  An ice beast (D:5)
  3 black bears
  2 ogres
  2 centaurs
  A kobold brigand (D:8)
  2 bullfrogs
  3 scorpions
  12 wights (D:7)
  Dowan (D:5)
  A bombardier beetle (D:5)
  3 hounds
  2 orc priests
  Crazy Yiuf (D:6)
  A jelly (D:7)
  Ijyb (D:3)
  5 iguanas
  3 orc wizards
  A gnoll (D:7)
  10 adders
  3 ufetubi (D:6)
  4 dart slugs
  2 ribbon worms
  38 orcs
  12 ball pythons
  4 bats
  11 endoplasms
  A giant cockroach (D:4)
  4 goblins
  13 hobgoblins
  9 kobolds
  A quokka (D:1)
  A frilled lizard (D:2)
  5 rats
170 creatures vanquished.

Vanquished Creatures (collateral kills)
  Joseph (D:7)
  A hornet (D:7)
  An electric eel (D:6)
  A howler monkey (D:6)
  3 orc priests
  A hound (D:6)
  An ufetubus (D:6)
  3 orcs (D:6)
12 creatures vanquished.

Vanquished Creatures (others)
  A scorpion zombie (D:6)
  An elf zombie (D:5)
  An adder zombie (D:6)
  An iguana zombie (D:5)
  A dart slug zombie (D:5)
  3 kobold zombies (D:8)
  7 orc zombies
  3 spectral ufetubi (D:6)
18 creatures vanquished.

Grand Total: 200 creatures vanquished

Notes
Turn   | Place    | Note
-------+----------+-------------------------------------------
     0 | D:1      | raph the Minotaur Fighter began the quest for the Orb.
     0 | D:1      | Reached XP level 1. HP: 19/19 MP: 0/0
   105 | D:1      | Reached XP level 2. HP: 27/27 MP: 1/1
   198 | D:1      | Reached skill level 3 in Polearms
   204 | D:1      | Found Hiwkeryi's Book Shoppe.
   340 | D:1      | You fall into a shaft and drop 1 floor!
   430 | D:2      | Reached XP level 3. HP: 27/33 MP: 2/2
   485 | D:2      | Found Irigopt's General Store.
   493 | D:2      | Bought a potion of curing for 36 gold pieces
   493 | D:2      | Bought 3 potions of degeneration for 36 gold pieces
  1135 | D:2      | Reached skill level 4 in Polearms
  1180 | D:2      | Found a faded altar of an unknown god.
  1431 | D:2      | Reached XP level 4. HP: 38/40 MP: 3/3
  1723 | D:3      | Noticed Ijyb
  1740 | D:3      | Killed Ijyb
  1741 | D:3      | Reached skill level 5 in Polearms
  1927 | D:3      | Found a blossoming altar of Fedhas.
  2043 | D:3      | Reached XP level 5. HP: 46/46 MP: 4/4
  2414 | D:4      | Reached skill level 6 in Polearms
  2586 | D:4      | Noticed an ogre
  2594 | D:4      | Killed an ogre
  2595 | D:4      | Reached skill level 7 in Polearms
  2595 | D:4      | Reached XP level 6. HP: 45/52 MP: 5/5
  2687 | D:4      | Found a bloodstained altar of Trog.
  2689 | D:4      | Noticed Sigmund
  2718 | D:4      | Killed Sigmund
  2719 | D:4      | Reached skill level 8 in Polearms
  2719 | D:4      | Reached XP level 7. HP: 49/59 MP: 6/6
  2766 | D:4      | Reached skill level 9 in Polearms
  2848 | D:4      | Found a shimmering altar of Xom.
  2925 | D:4      | Found a basalt altar of Yredelemnul.
  2934 | D:4      | Became a worshipper of Yredelemnul the Dark
  3414 | D:5      | Entered Level 5 of the Dungeon
  3492 | D:5      | Reached skill level 10 in Polearms
  3613 | D:5      | Noticed Duvessa
  3613 | D:5      | Noticed Dowan
  3798 | D:5      | Reached skill level 11 in Polearms
  3798 | D:5      | Reached XP level 8. HP: 26/66 MP: 7/7
  3874 | D:5      | Killed Duvessa
  3891 | D:5      | Your ally Duvessa died
  3914 | D:5      | Killed Dowan
  4247 | D:5      | Reached * piety under Yredelemnul
  4554 | D:5      | Reached ** piety under Yredelemnul
  4555 | D:5      | Reached skill level 12 in Polearms
  5026 | D:6      | Reached skill level 1 in Evocations
  5093 | D:6      | Found a stormy altar of Qazlal.
  5336 | D:6      | Found a staircase to the Ecumenical Temple.
  5472 | D:6      | Reached XP level 9. HP: 51/71 MP: 8/8
  5475 | D:6      | Reached skill level 13 in Polearms
  5480 | D:6      | Found a glowing golden altar of the Shining One.
  5637 | D:6      | Found a runed translucent door.
  5638 | D:6      | Noticed Crazy Yiuf
  5643 | D:6      | Killed Crazy Yiuf
  5829 | D:6      | Found a white marble altar of Elyvilon.
  6566 | D:7      | Found a sacrificial altar of Ru.
  6576 | D:7      | Reached skill level 5 in Evocations
  6728 | D:7      | Noticed Joseph
  6743 | D:7      | Killed Joseph
  6744 | D:7      | Reached skill level 14 in Polearms
  7206 | D:7      | Found an iron altar of Okawaru.
  7462 | D:8      | Reached XP level 10. HP: 74/78 MP: 9/9
  7499 | D:8      | Found a radiant altar of Vehumet.
  7511 | D:8      | Noticed Maggie
  7537 | D:8      | HP: 3/78 [Maggie/+0 halberd (9)]
  7538 | D:8      | Killed from afar by Maggie

Illustrated notes

Levels and vault maps discovered:
D:1:      lemuel_arrival_behind_the_door_large, layout_basic, serial_shops,
          shop_fountains
D:2:      layout_rooms, serial_shops, nicolae_shop_hallway_stairs,
          nicolae_ecumenical_pavilion, minmay_puff
D:3:      layout_basic, fedhas_ov_isle_minmay, uniq_ijyb
D:4:      layout_basic, mainiacjoe_overflow_paths, trog_ov_bears_minmay,
          mainiacjoe_overflow_brackets, uniq_sigmund
D:5:      minmay_spotlight, layout_loops_cross, uniq_duvessa
D:6:      layout_cave_pools, mainiacjoe_overflow_catch_the_wave,
          nicolae_qazlal_general_emergency, minmay_temple_entry_proselytizer,
          uniq_crazy_yiuf_cottage
D:7:      layout_basic, nicolae_overflow_crystal_walls,
          mainiacjoe_overflow_small_starburst, dreamdust_wishing_well,
          minmay_diced_spiral, uniq_joseph
D:8:      layout_basic, lemuel_doored_altar, amcnicky_altar_gilded, uniq_maggie,
          uniq_erica, uniq_grum

Skill      XL: |  1  2  3  4  5  6  7  8  9 |
---------------+----------------------------+-----
Polearms       | 3 4 5 7 8 11 12 14 | 14.0
Armour         | 4 |  4.0
Fighting       | 4 |  4.0
Shields        | 4 |  4.0
Evocations     | 3 7 |  7.3

Action                     |  1- 3 |  4- 6 |  7- 9 | 10-12 || total
---------------------------+-------+-------+-------+-------++-------
  Melee: Trident           |    86 |   120 |   339 |    19 ||   564
         Headbutt          |     8 |    17 |    64 |     4 ||    93
         Unarmed           |       |       |     8 |       ||     8
  Throw: Dart              |       |     4 |    17 |     4 ||    25
         Throwing net      |       |       |     2 |       ||     2
 Invoke: Dark Bargain      |       |       |     7 |       ||     7
         Recall Undead Har |       |       |     5 |     1 ||     6
    Use: Scroll            |       |     8 |     5 |     1 ||    14
         Potion            |       |       |     1 |     3 ||     4
   Stab: Distracted        |       |       |     3 |     1 ||     4
 Armour: Scale mail        |     1 |       |       |       ||     1
         Plate armour      |    54 |    76 |   195 |    19 ||   344
         Skin              |       |       |     3 |       ||     3
  Dodge: Dodged            |    24 |    26 |    40 |     4 ||    94
  Block: Buckler           |    13 |    19 |    39 |     1 ||    72
